 Dungeon Crawl Stone Soup version 0.17.1-1-g73c8601 (webtiles) character file.

1797 DEFE the Cutter (level 8, -11/48 HPs)
             Began as a Deep Elf Fighter on Dec 26, 2015.
             Was a Believer of Kikubaaqudgha.
             Mangled by a cyclops (26 damage)
             ... on level 7 of the Dungeon on Dec 31, 2015.
             The game lasted 00:12:15 (8155 turns).

DEFE the Cutter (Deep Elf Fighter)                  Turns: 8155, Time: 00:12:15

Health: -11/48     AC: 15    Str: 17    XL:     8   Next: 83%
Magic:  10/10      EV: 11    Int: 21    God:    Kikubaaqudgha [**....]
Gold:   141        SH: 10    Dex: 18    Spells: 1 memorised, 4 levels left

rFire  . . .     SeeInvis .     j - +3 dagger (venom)
rCold  . . .     Clarity  .     b - +5 ring mail of the Stars {Int+7 Dex+4}
rNeg   . . .     SustAt   .     c - +0 shield
rPois  .         Gourm    .     n - +0 helmet
rElec  .         Spirit   .     K - +1 cloak
rCorr  .         Warding  .     J - +0 pair of gloves
rMut   .         Stasis   .     (no boots)
MR     .....                    (no amulet)
Stlth  +.........               u - ring of wizardry
                                E - +2 ring of strength

@: not resistant to hostile enchantments, very unstealthy
A: no striking features
a: Receive Corpses, Renounce Religion


You were on level 7 of the Dungeon.
You worshipped Kikubaaqudgha.
Kikubaaqudgha was pleased with you.
You were not hungry.

You visited 2 branches of the dungeon, and saw 8 of its levels.
You also visited: Sewer.

You collected 348 gold pieces.
You spent 207 gold pieces at shops.

Inventory:

Hand Weapons
 j - a +3 dagger of venom (weapon)
 G - a +1 dagger of draining
Armour
 b - the +5 ring mail of the Stars (worn) {Int+7 Dex+4}
   (You bought it in a shop on level 5 of the Dungeon)

   It affects your intelligence (+7).
   It affects your dexterity (+4).
 c - a +0 shield (worn)
 g - a +1 ring mail of poison resistance
 n - a +0 helmet (worn)
 J - a +0 pair of gloves (worn)
 K - a +1 cloak (worn)
Magical Staves
 F - an uncursed staff of death
Jewellery
 u - a ring of wizardry (right hand)
 x - an uncursed ring of sustain attributes
 E - a +2 ring of strength (left hand)
Wands
 M - a wand of lightning (11)
Scrolls
 a - 2 scrolls of identify
 e - a scroll of enchant armour {unknown}
 f - 2 scrolls of remove curse
 h - a scroll of immolation {unknown}
 l - a scroll of blinking {unknown}
 q - a scroll of random uselessness {unknown}
 s - 2 scrolls of recharging
 t - 2 scrolls of teleportation {unknown}
 v - 2 scrolls of amnesia
 y - 2 scrolls of magic mapping
 D - a scroll of fog {unknown}
 I - a scroll of enchant weapon {unknown}
Potions
 d - a potion of might
 i - 6 potions of heal wounds
 k - a potion of cure mutation
 m - a potion of lignification
 o - a potion of resistance {unknown}
 p - 2 potions of agility
 A - a potion of berserk rage {unknown}
 B - 5 potions of curing
 L - 2 potions of mutation {unknown}
Books
 r - a book of the Dragon

   Spells                             Type                      Level
   a - Flame Tongue                   Conjuration/Fire             1
   b - Cause Fear                     Hexes                        4
   c - Bolt of Fire                   Conjuration/Fire             6
   d - Dragon Form                    Transmutation                7
   e - Dragon's Call                  Summoning                    9
 C - Kikubaaqudgha's Papyrus of Evil Rituals
   (Kikubaaqudgha gifted it to you on level 4 of the Dungeon)

   Spells                             Type                      Level
   a - Pain                           Necromancy                   1
   b - Corpse Rot                     Necromancy                   2
   c - Sublimation of Blood           Necromancy                   2
   d - Regeneration                   Charms/Necromancy            3
   e - Control Undead                 Necromancy                   4
Comestibles
 w - 10 fruits
 z - 2 bread rations
 H - a meat ration
 N - a beef jerky


   Skills:
 - Level 4.1 Fighting
 * Level 7.2 Short Blades
 + Level 4.6 Armour
 + Level 4.2 Dodging
 + Level 4.7 Shields
 + Level 2.3 Charms
 + Level 1.4 Necromancy


You had 4 spell levels left.
You knew the following spells:

 Your Spells              Type           Power        Failure   Level  Hunger
a - Regeneration          Chrm/Necr      #.........   83%         3    ####...


Dungeon Overview and Level Annotations

Branches:
Dungeon (7/15)             Temple (1/1) D:4

Altars:
Ashenzari
Dithmenos
Fedhas
Gozag
Kikubaaqudgha
Nemelex Xobeh
Sif Muna
Vehumet
Xom
Yredelemnul

Shops:
D:5 [

Annotations:
D:7 1 exclusion


Message History

You block the centaur's attack.
You barely miss the centaur.
The centaur is almost dead.
You kill the centaur!
Kikubaaqudgha accepts your kill.
You hit the cyclops but do no damage.
The cyclops is poisoned.
You hit the cyclops but do no damage. The cyclops closely misses you.
You hit the cyclops.
The cyclops looks even sicker.
The cyclops is lightly wounded.
You hit the cyclops but do no damage.
The cyclops is lightly wounded.
The cyclops hits you!!
Your shield prevents you from hitting the cyclops.
The cyclops is lightly wounded.
You hit the cyclops.
The cyclops is lightly wounded.
The cyclops hits you!!
Ouch! That really hurt!
You die...
Kikubaaqudgha rasps: "You have failed me!
Welcome... death!"

###### #..... #.....
#.....# #...... #......
############ #
#......###..........#####
#......C@................
#.....#####........######
#.... #..........# ####
#..........# #..........#
#..........# #..........#
##........## ##......##


You could see a cyclops.

Vanquished Creatures
  Prince Ribbit (D:7)
  An orc warrior (D:7)
  2 centaurs (D:7)
  An ogre (D:6)
  3 big kobolds (Sewer)
  2 giant frogs (D:6)
  2 scorpions
  A centaur skeleton (D:7)
  A hound (D:4)
  2 iguanas
  Ijyb (D:3)
  2 orc priests
  4 orc wizards
  5 worker ants
  2 hound skeletons (D:4)
  4 gnolls
  A river rat (Sewer)
  A shadow imp (D:6)
  11 adders
  5 oozes
  10 worms
  7 giant geckos
  17 orcs
  2 ball pythons
  6 bats
  9 giant cockroaches
  11 goblins
  10 hobgoblins
  12 jackals
  3 quokkas
  8 giant newts
  17 kobolds
  2 quokka skeletons
  10 rats
176 creatures vanquished.

Notes
Turn   | Place    | Note
--------------------------------------------------------------
     0 | D:1      | DEFE the Deep Elf Fighter began the quest for the Orb.
     0 | D:1      | Reached XP level 1. HP: 13/13 MP: 3/3
   267 | D:1      | Reached XP level 2. HP: 11/18 MP: 4/4
   783 | D:1      | Reached XP level 3. HP: 8/22 MP: 5/5
  1219 | D:1      | Reached skill level 3 in Short Blades
  1749 | D:2      | Found a basalt altar of Yredelemnul.
  2092 | D:2      | Reached XP level 4. HP: 27/27 MP: 6/6
  2505 | D:3      | Noticed Ijyb
  2518 | D:3      | Killed Ijyb
  2615 | D:2      | Reached XP level 5. HP: 12/31 MP: 7/7
  3043 | D:3      | Reached skill level 4 in Short Blades
  3928 | D:4      | Found a staircase to the Ecumenical Temple.
  3938 | Temple   | Entered the Ecumenical Temple
  3958 | Temple   | Became a worshipper of Kikubaaqudgha
  4076 | D:4      | Reached XP level 6. HP: 18/37 MP: 8/8
  4175 | D:4      | Found a glowing drain.
  4199 | Sewer    | Entered a sewer
  4808 | Sewer    | Reached skill level 1 in Dodging
  4996 | Sewer    | Reached skill level 5 in Short Blades
  5311 | Sewer    | Reached XP level 7. HP: 41/41 MP: 9/9
  5718 | D:4      | Reached * piety under Kikubaaqudgha
  5718 | D:4      | Received a gift from Kikubaaqudgha
  5721 | D:4      | Identified Kikubaaqudgha's Papyrus of Evil Rituals (Kikubaaqudgha gifted it to you on level 4 of the Dungeon)
  5726 | D:4      | Learned a level 3 spell: Regeneration
  6109 | D:5      | Entered Level 5 of the Dungeon
  6129 | D:5      | Found Userch's Antique Armour Shoppe.
  6153 | D:5      | Found an opulent altar of Gozag.
  6639 | D:5      | Found a blossoming altar of Fedhas.
  6711 | D:6      | Reached skill level 6 in Short Blades
  6908 | D:6      | Reached XP level 8. HP: 23/46 MP: 10/10
  7214 | D:5      | Bought a twisted ring mail for 207 gold pieces
  7226 | D:5      | Identified the +5 ring mail of the Stars {Int+7 Dex+4} (You bought it in a shop on level 5 of the Dungeon)
  7281 | D:6      | Found a shadowy altar of Dithmenos.
  7816 | D:7      | Reached ** piety under Kikubaaqudgha
  7996 | D:7      | Reached skill level 1 in Charms
  8088 | D:7      | Noticed Prince Ribbit
  8120 | D:7      | Killed Prince Ribbit
  8120 | D:7      | Reached skill level 7 in Short Blades
  8120 | D:7      | Reached skill level 1 in Necromancy
  8132 | D:7      | Noticed a cyclops
  8155 | D:7      | Mangled by a cyclops

Action                   |  1- 3 |  4- 6 |  7- 9 || total
-------------------------+-------+-------+-------++-------
Melee: Rapier            |    23 |       |       ||    23
       Dagger            |   145 |   311 |   300 ||   756
  Use: Scroll            |       |     7 |     3 ||    10
       Potion            |       |       |     2 ||     2
  Eat: Chunk             |     4 |     2 |     7 ||    13
       Bread ration      |       |     2 |       ||     2
       Royal jelly       |       |       |     1 ||     1
